 Dungeon Crawl Stone Soup version 0.19.1 (webtiles) character file.

104 Leibowitz the Cutter (level 4, 0/36 HPs)
             Began as a Demigod Gladiator on Nov 25, 2016.
             Slain by a gnoll
             ... wielding a +0 flail
              (11 damage)
             ... on level 3 of the Dungeon.
             The game lasted 00:08:08 (1905 turns).

Leibowitz the Cutter (Demigod Gladiator)            Turns: 1905, Time: 00:08:10

Health: 0/36       AC:  5    Str: 18    XL:     4   Next: 28%
Magic:  6/6        EV: 14    Int: 12    God:
Gold:   103        SH:  0    Dex: 18    Spells: 0 memorised, 3 levels left

rFire  . . .     SeeInvis .     a - +0 rapier
rCold  . . .     Gourm    .     b - +0 leather armour
rNeg   . . .     Faith    .     (no shield)
rPois  .         Spirit   .     c - +0 helmet
rElec  .         Reflect  .     h - +0 cloak
rCorr  .         Harm     .     (no gloves)
MR     .....                    (no boots)
Stlth  ++........               (no amulet)
                                (no ring)
                                (no ring)

@: no status effects
A: high mp 1
a: no special abilities


You were on level 3 of the Dungeon.
You were not hungry.

You visited 1 branch of the dungeon, and saw 3 of its levels.

You collected 103 gold pieces.

Inventory:

Hand Weapons
 a - a +0 rapier (weapon)
Missiles
 d - 2 throwing nets (quivered)
 n - 4 needles of confusion
Armour
 b - a +0 leather armour (worn)
 c - a +0 helmet (worn)
 h - a +0 cloak (worn)
Scrolls
 e - a scroll of teleportation {unknown}
 i - a scroll of fear {unknown}
 k - a scroll of identify {unknown}
 m - a scroll of fog {unknown}
Comestibles
 f - 4 bread rations
 g - a meat ration
 j - a beef jerky


   Skills:
 * Level 2.0 Fighting
 + Level 3.5 Short Blades
 + Level 2.0 Throwing
 + Level 0.8 Armour
 * Level 3.4 Dodging
 * Level 1.4 Stealth


You had 3 spell levels left.
You didn't know any spells.

Dungeon Overview and Level Annotations

Branches:
Dungeon (3/15)


Innate Abilities, Weirdness & Mutations

You have an increased reservoir of magic. (+10% MP)


Message History

You hit the orc but do no damage.
The gnoll hits you from afar with a spear.
The orc hits you but does no damage.
You hit the orc but do no damage. The gnoll barely misses you.
The orc closely misses you.
You barely miss the orc.
The gnoll hits you from afar with a spear.
The orc hits you but does no damage.
You hit the orc.
The orc is lightly wounded.
The gnoll hits you from afar with a spear!
The orc barely misses you.
You hit the orc.
The orc is heavily wounded.
The gnoll hits you but does no damage. The orc hits you but does no damage.
You hit the orc.
You kill the orc!
The gnoll barely misses you. The gnoll hits you but does no damage.
The gnoll hits you with a flail!
You die...

##.....###># #
##########.......##.##.##
#.......#...............##
#.###............##.###...
#.###.#.#.#gg.....#.# .#
#.##...###......#...##.#
#.##..#.#.#.#....<#...#
#.##..#.g##g#.#####.##.#
#.......g@[.#.# #[# .#
##.....######.### #.# #
#........#.....# #.# ###
#.....###......# #[###.##
#.......#......# #..)...#
#.....#.#......# #####.##
######.<.#..>..# #.#
##.######## #.# #.#
##########.#


You could see 3 gnolls.

Vanquished Creatures
  An orc priest (D:3)
  A gnoll (D:3)
  3 oozes
  4 dart slugs (D:1)
  A leopard gecko (D:1)
  4 orcs (D:3)
  5 bats
  A giant cockroach (D:1)
  3 goblins
  3 hobgoblins
  2 jackals (D:3)
  6 kobolds
  2 frilled lizards (D:2)
  4 rats
40 creatures vanquished.

Notes
Turn   | Place    | Note
-------+----------+-------------------------------------------
     0 | D:1      | Leibowitz the Demigod Gladiator began the quest for the Orb.
     0 | D:1      | Reached XP level 1. HP: 17/17 MP: 3/3
   246 | D:1      | Reached XP level 2. HP: 11/24 MP: 4/4
  1114 | D:2      | Reached XP level 3. HP: 24/29 MP: 5/5
  1213 | D:2      | Found a glowing golden altar of the Shining One.
  1213 | D:2      | Found a faded altar of an unknown god.
  1218 | D:2      | Found a faded altar of an unknown god.
  1220 | D:2      | Found a bloodstained altar of Trog.
  1222 | D:2      | Found a faded altar of an unknown god.
  1600 | D:3      | Reached skill level 1 in Stealth
  1618 | D:3      | Reached XP level 4. HP: 3/36 MP: 6/6
  1905 | D:3      | Slain by a gnoll

Skill      XL: |  1  2  3 |
---------------+----------+-----
Short Blades   | 3 |  3.5
Dodging        | 3 |  3.4
Fighting       | 2 |  2.0
Stealth        | 1 |  1.4
Throwing       | 2 |  2.0
Armour         | |  0.8

Action                   |  1- 3 |  4- 6 || total
-------------------------+-------+-------++-------
Melee: Rapier            |    99 |    27 ||   126
Throw: Throwing net      |     2 |       ||     2
  Use: Potion            |     1 |     2 ||     3
 Stab: Sleeping          |     1 |     1 ||     2
  Eat: Chunk             |     2 |     1 ||     3
Armor: Leather armour    |    31 |    11 ||    42
Dodge: Dodged            |    86 |    20 ||   106
